 Dungeon Crawl Stone Soup version 0.29.1-15-g9cfb28693d (webtiles) character file.

Game seed: 10936475093165465726

224 Labrat the Conjurer (level 5, -1/38 HPs)
             Began as a Demigod Conjurer on Apr 1, 2023.
             Slain by Pikel
             ... wielding a +2 whip of freezing
              (7 damage)
             ... on level 4 of the Dungeon.
             The game lasted 00:07:17 (4308 turns).

Labrat the Conjurer (Demigod Conjurer)              Turns: 4308, Time: 00:07:18

Health: -1/38      AC:  7    Str:  8    XL:     5   Next: 40%
Magic:  2/13       EV: 12    Int: 24    God:
Gold:   116        SH:  0    Dex: 15    Spells: 4/11 levels left

rFire   . . .      SeeInvis .   f - +3 dagger (venom)
rCold   . . .      Faith    .   (no shield)
rNeg    . . .      Spirit   .   a - +0 robe
rPois   .          Reflect  .   e - +1 helmet "Uzxot" {Will+ Dex+3}
rElec   .          Harm     .   (no cloak)
rCorr   .          Rampage  .   (no gloves)
Will    +....                   m - +2 pair of boots
Stlth   ++........              (no amulet)
HPRegen 0.12/turn               (no ring)
MPRegen 0.13/turn               (no ring)

@: no status effects
A: high MP 1, forlorn, divine attributes
a: no special abilities


You were on level 4 of the Dungeon.
You visited 1 branch of the dungeon, and saw 4 of its levels.

You collected 116 gold pieces.

Inventory:

Hand Weapons
 f - a +3 dagger of venom (weapon)
Armour
 a - a +0 robe (worn)
 e - the +1 helmet "Uzxot" (worn) {Will+ Dex+3}
   (You took it off Robin on level 4 of the Dungeon)

   Dex:       It affects your dexterity (+3).
   Will:      It increases your willpower.
 m - a +2 pair of boots (worn)
Scrolls
 c - a scroll of noise
 g - 2 scrolls of vulnerability
 h - a scroll of teleportation {unknown}
 k - 2 scrolls of fog
 l - a scroll of torment
 n - a scroll of amnesia {unknown}
 o - a scroll of magic mapping {unknown}
 p - a scroll of enchant weapon {unknown}
Potions
 b - a potion of magic
 d - a potion of heal wounds {unknown}
 i - a potion of berserk rage {unknown}
 j - 4 potions of mutation {unknown}
 r - a potion of flight {unknown}


   Skills:
 - Level 1.7 Dodging
 - Level 1.7 Stealth
 + Level 3.7 Spellcasting
 + Level 5.2 Conjurations


You had 4 spell levels left.
You knew the following spells:

 Your Spells              Type           Power      Damage    Failure   Level
a - Magic Dart            Conj           100%       1d8       1%          1
b - Searing Ray           Conj           58%        2d6       1%          2
c - Iskenderun's Mystic   Conj/Tloc      17%        2d5       34%         4

Your spell library contained the following spells:

 Spells                   Type           Power      Damage    Failure   Level
 Static Discharge         Conj/Air       17%        3-6/arc   5%          2
 Dazzling Flash           Conj/Hex       34%        N/A       11%         3
 Fulminant Prism          Conj/Hex       8%         3d7       34%         4
 Lightning Bolt           Conj/Air       8%         1d21      67%         5
 Maxwell's Capacitive Co  Air            2%         ∞         100%        8


Dungeon Overview and Level Annotations

Branches:
Dungeon (4/15)
 Temple: D:4-7

Shops:
D:3 (

Annotations:
D:4 Eustachio, Pikel


Innate Abilities, Weirdness & Mutations

You have an increased reservoir of magic. (+10% MP)
You shall have no god before yourself.
Your divine heritage dramatically boosts your attributes as you level up.


Message History

Pikel hits you with a +2 whip of freezing.
Pikel freezes you.
You barely miss Pikel.
Pikel is lightly wounded.
Pikel hits you with a +2 whip of freezing!
Pikel freezes you.
You hit Pikel but do no damage.
Pikel is poisoned.
Pikel is lightly wounded.
Pikel hits you with a +2 whip of freezing.
Pikel freezes you.
You barely miss Pikel.
Pikel is moderately wounded.
Pikel drinks a potion.
Pikel is healed!
Pikel looks more healthy.
Casting: Searing Ray (safe; 1% risk of failure)
Confirm with . or Enter, or press ? or * to list all spells.
Aiming: Searing Ray (safe; 1% risk of failure)
Press: ? - help, Shift-Dir - straight line, f - Pikel
Aim: Pikel, wielding a +2 whip of freezing and wearing a +0 robe (74% to hit)
The searing ray hits Pikel.
Pikel is lightly wounded. (Press . to maintain the ray.) Pikel waves his whip at you.
Pikel hits you but does no damage.
The searing ray hits Pikel.
Pikel is moderately wounded.
Pikel hits you with a +2 whip of freezing!
* * * LOW HITPOINT WARNING * * *
Pikel freezes you.
* * * LOW HITPOINT WARNING * * *
The searing ray hits Pikel.
Pikel is moderately wounded.
Pikel hits you with a +2 whip of freezing.
* * * LOW HITPOINT WARNING * * *
Pikel freezes you.
* * * LOW HITPOINT WARNING * * *
The searing ray hits Pikel.
Pikel is heavily wounded.
You finish channelling your searing ray.
Pikel hits you with a +2 whip of freezing!
You die...

#..÷.......#...
#[.........#...
############..........##..
#................K######..
#.............5...# ....
#............[....# .....
#.............)...# ####.#
###'##########'#### ##
#....#<)@K......#
#....#.)........#
#################


You could see Pikel.

Vanquished Creatures
  3 lemures
  A jelly (D:3)
  An iguana (D:4)
  Robin (D:4)
  8 adders
  3 worms (D:3)
  A dart slug (D:3)
  9 ball pythons
  4 bats
  6 endoplasms
  2 giant cockroaches
  9 goblins
  5 hobgoblins
  6 jackals
  9 kobolds
  A quokka (D:1)
  6 frilled lizards
  5 rats
80 creatures vanquished.

Notes
Turn   | Place    | Note
-------+----------+-------------------------------------------
     0 | D:1      | Labrat the Demigod Conjurer began the quest for the Orb.
     0 | D:1      | Reached XP level 1. HP: 14/14 MP: 5/5
   259 | D:1      | Reached XP level 2. HP: 20/20 MP: 1/7
   554 | D:1      | Reached skill level 4 in Conjurations
   576 | D:1      | Learned a level 2 spell: Searing Ray
  1235 | D:2      | Reached XP level 3. HP: 26/26 MP: 5/9
  2224 | D:2      | Reached XP level 4. HP: 33/33 MP: 5/11
  3048 | D:3      | Found Reluplor's Weapon Shoppe.
  3190 | D:3      | Noticed a spectral ugly thing
  3617 | D:4      | Identified the +1 helmet "Uzxot" {Will+ Dex+3}
  3617 | D:4      | Noticed Robin
  3626 | D:3      | Reached XP level 5. HP: 22/38 MP: 9/13
  3783 | D:4      | Killed Robin
  3784 | D:4      | Reached skill level 5 in Conjurations
  4016 | D:4      | Noticed Eustachio
  4062 | D:4      | Learned a level 4 spell: Iskenderun's Mystic Blast
  4079 | D:4      | Noticed Pikel
  4308 | D:4      | Slain by Pikel

Illustrated notes

Levels and vault maps discovered:
D:1:      lemuel_arrival_behind_the_door_large, layout_loops_ring,
          dreamdust_ecumenical_altar_grove
D:2:      layout_basic
D:3:      layout_rooms, regret_index_temple_of_mockery, serial_shops, shop
D:4:      minmay_inner_zag, layout_gridville, nicolae_titane, uniq_robin,
          uniq_eustachio, uniq_pikel

Skill      XL: |  1  2  3  4  5 |
---------------+----------------+-----
Spellcasting   | 2 3 |  3.7
Conjurations   | 4 5 |  5.2
Dodging        | |  1.7
Stealth        | |  1.7

Action                   |  1- 3 |  4- 6 || total
-------------------------+-------+-------++-------
Melee: Unarmed           |    11 |       ||    11
       Dagger            |       |    37 ||    37
 Cast: Magic Dart        |    84 |    57 ||   141
       Searing Ray       |     2 |     8 ||    10
  Use: Scroll            |       |     6 ||     6
Armor: Robe              |     3 |    15 ||    18
Dodge: Dodged            |    17 |    26 ||    43
